 Dungeon Crawl Stone Soup version 0.19-a0-1111-gcceb26a (webtiles) character file.

18365 aronpayne the Arsonist (level 12, 0/67 HPs)
             Began as a Deep Elf Fire Elementalist on Aug 11, 2016.
             Was a Priest of Vehumet.
             Slain by a spiny frog (6 damage)
             ... on level 3 of the Lair of Beasts.
             The game lasted 02:29:06 (19463 turns).

aronpayne the Arsonist (DEFE)                      Turns: 19463, Time: 02:29:07

Health: 0/67       AC: 13    Str:  5    XL:     12   Next: 27%
Magic:  8/27       EV: 17    Int: 26    God:    Vehumet [***...]
Gold:   593        SH:  0    Dex: 15    Spells: 8 memorised, 7 levels left

rFire  . . .     SeeInvis .     E - +2 double sword (protect)
rCold  . . .     Gourm    .     a - +0 robe
rNeg   . . .     Faith    .     (no shield)
rPois  +         Spirit   .     l - +0 helmet
rElec  .         Dismiss  .     n - +0 cloak
rCorr  .         Reflect  .     (no gloves)
SustAt .         Harm     .     (no boots)
MR     +....                    (no amulet)
Stlth  ++++......               q - +2 ring of protection
                                v - ring of poison resistance

@:
A: thin metallic scales 1
a: Renounce Religion


You were on level 3 of the Lair of Beasts.
You worshipped Vehumet.
Vehumet was most pleased with you.
You were full.

You visited 3 branches of the dungeon, and saw 14 of its levels.

You collected 593 gold pieces.

Inventory:

Hand Weapons
 f - a +4 dagger of venom
 s - a +0 blowgun
 E - a +2 double sword of protection (weapon)
Missiles
 d - 37 poisoned needles
Armour
 a - a +0 robe (worn)
 g - a +1 buckler
 h - a +0 plate armour
 l - a +0 helmet (worn)
 n - a +0 cloak (worn)
 w - a +0 shadow dragon armour
Magical Staves
 C - an uncursed staff of earth
Rods
 o - a +0 iron rod (11/11)
   (You found it on level 5 of the Dungeon)
Jewellery
 q - a +2 ring of protection (right hand)
 v - a ring of poison resistance (left hand)
 A - an uncursed ring of stealth
 D - an uncursed ring of stealth
Wands
 t - a wand of random effects (19/48)
 y - a wand of digging (0/24)
 M - a wand of disintegration (9/24)
 O - a wand of random effects (15/48)
 P - a wand of acid (10/15)
 S - a wand of random effects (18/48)
Scrolls
 e - 2 scrolls of magic mapping
 i - 2 scrolls of fear
 j - a scroll of enchant armour
 k - 2 scrolls of noise
 p - 2 scrolls of remove curse
 r - a scroll of enchant weapon
 u - 3 scrolls of teleportation
 x - 2 scrolls of immolation {unknown}
 B - a scroll of fog {unknown}
 N - 4 scrolls of identify
Potions
 z - 2 potions of flight
 F - 2 potions of brilliance
 L - a potion of agility
 R - a potion of ambrosia
Books
 b - a book of Flames

   Spells                             Type                      Level
   a - Flame Tongue                   Conjuration/Fire             1
   b - Throw Flame                    Conjuration/Fire             2
   c - Conjure Flame                  Conjuration/Fire             3
   d - Inner Flame                    Hexes/Fire                   3
   e - Sticky Flame                   Conjuration/Fire             4
   f - Fireball                       Conjuration/Fire             5
 m - a book of Burglary

   Spells                             Type                      Level
   a - Swiftness                      Charms/Air                   2
   b - Passwall                       Transmutation/Earth          2
   c - Passage of Golubria            Translocation                4
   d - Lee's Rapid Deconstruction     Earth                        5
   e - Darkness                       Hexes                        6
   f - Invisibility                   Hexes                        6
 G - a book of Changes

   Spells                             Type                      Level
   a - Beastly Appendage              Transmutation                1
   b - Sticks to Snakes               Transmutation                2
   c - Spider Form                    Transmutation/Poison         3
   d - Ice Form                       Ice/Transmutation            4
   e - Blade Hands                    Transmutation                5
 H - a book of Geomancy

   Spells                             Type                      Level
   a - Sandblast                      Earth                        1
   b - Passwall                       Transmutation/Earth          2
   c - Stone Arrow                    Conjuration/Earth            3
   d - Petrify                        Transmutation/Earth          4
   e - Lee's Rapid Deconstruction     Earth                        5
 K - a book of Enchantments

   Spells                             Type                      Level
   a - Cause Fear                     Hexes                        4
   b - Yara's Violent Unravelling     Hexes/Transmutation          5
   c - Silence                        Hexes/Air                    5
   d - Deflect Missiles               Charms/Air                   6
   e - Haste                          Charms                       6
   f - Discord                        Hexes                        8
Comestibles
 c - 4 bread rations
 I - 9 royal jellies
 J - 15 fruits
 T - a beef jerky


   Skills:
 - Level 4.5 Fighting
 - Level 5.8(6.0) Short Blades
 + Level 1.5(3.7) Long Blades
 - Level 1.8 Throwing
 + Level 8.1 Dodging
 + Level 7.8 Stealth
 - Level 2.4 Shields
 + Level 9.8 Spellcasting
 + Level 7.5 Conjurations
   Level 6.1 Hexes
 + Level 3.0 Charms
 * Level 10.3 Fire Magic
 + Level 2.7 Ice Magic
 + Level 4.2 Air Magic
 + Level 5.3 Evocations


You had 7 spell levels left.
You knew the following spells:

 Your Spells              Type           Power        Failure   Level  Hunger
a - Flame Tongue          Conj/Fire      #####        1%          1    None
b - Throw Flame           Conj/Fire      ######       1%          2    None
c - Fireball              Conj/Fire      ######....   1%          5    ####...
d - Conjure Flame         Conj/Fire      ######..     1%          3    None
f - Sticky Flame          Conj/Fire      ######..     1%          4    None
g - Shock                 Conj/Air       ####         1%          1    None
h - Haste                 Chrm           ####....     99%         6    #####..
i - Freeze                Ice            ####         1%          1    None


Dungeon Overview and Level Annotations

Branches:
Dungeon (10/15)            Temple (1/1) D:7            Lair (3/6) D:10
 Shoals (0/4) Lair:2        Snake (0/4) Lair:3
    Orc: D:9-12

Altars:
Ashenzari
Cheibriados
Dithmenos
Elyvilon
Fedhas
Gozag
Hepliaklqana
Kikubaaqudgha
Makhleb
Nemelex Xobeh
Okawaru
Pakellas
Qazlal
Ru
Sif Muna
Trog
Uskayaw
Vehumet
Xom
Yredelemnul
Zin
The Shining One

Shops:
D:5 }*   D:9 %   D:10 }

Annotations:
Lair:3 herpmino's ghost, journeyman DsGl


Innate Abilities, Weirdness & Mutations

You are partially covered in thin metallic scales. (AC +2)


Message History

Herpmino's ghost hits you but does no damage.
As you read the scroll of teleportation, it crumbles to dust.
You feel strangely unstable.
Herpmino's ghost hits you but does no damage.
Your surroundings suddenly seem different.
The spiny frog gives a loud, deep croak!
Casting: Freeze
Confirm with . or Enter, or press ? or * to list all spells.
Aiming: Conjure Flame
Press: ? - help, Dir - move target cursor The fire roars!
Casting: Conjure Flame
Confirm with . or Enter, or press ? or * to list all spells.
Aiming: Throw Flame
Press: ? - help, Shift-Dir - straight line, f - spiny frog
Aim: a spiny frog (flame)
The puff of flame misses the spiny frog.
The spiny frog is engulfed in roaring flames.
The spiny frog stings you.
You die...

.......÷.......##
........##.##...#
.#.#...÷.#.###..#
###....## #.##
#..P## ##.# #..##
#..## #...# ##..#
#..## #..# #...#
#@.# #..## #F##
#..# ##.# #..#
#..# ##..## ##.#
#..>.# #.#
###..## #§##
###.#..# ###..#
##
#......####.#..#


You could see a spiny frog.

Vanquished Creatures
  A hydra (Lair:1)
  6 death yaks (Lair:3)
  Urug (Lair:3)
  A hill giant (D:10)
  Pikel (D:8)
  2 black mambas
  A torpor snail (Lair:3)
  A spiny frog (Lair:1)
  5 komodo dragons
  A rime drake (Lair:2)
  4 yaks (Lair:3)
  3 basilisks
  A hungry ghost (D:7)
  A soldier ant (D:8)
  2 nagas (Lair:3)
  7 water moccasins
  The ghost of aronpayne the Magician, an amateur DEEE of Sif Muna (D:3)
  5 porcupines
  Duvessa (D:7)
  An ice beast (D:8)
  2 sky beasts (D:5)
  2 orc warriors
  A phantom (D:4)
  A wasp (D:8)
  2 eyes of draining
  3 ogres
  10 wolves
  7 centaurs
  5 crocodiles
  Blork the orc (D:4)
  8 giant frogs
  A gnoll sergeant (D:10)
  Dowan (D:7)
  4 scorpions
  A water moccasin skeleton (D:10)
  14 killer bees
  3 howler monkeys
  6 crimson imps
  2 giant frog zombies
  5 hounds
  19 orc wizards
  9 orc priests
  A centaur skeleton (D:8)
  3 jellies
  8 iguanas
  Natasha (thrice) (D:4)
  12 worker ants
  Terence (D:3)
  A hound skeleton (D:9)
  8 gnolls
  A howler monkey skeleton (D:10)
  6 adders
  12 river rats
  A shadow imp (D:8)
  An ooze (D:3)
  An adder skeleton (D:6)
  4 worms
  3 dart slugs
  7 giant geckos
  45 orcs
  7 giant cockroaches
  4 hobgoblins
  16 jackals
  9 quokkas
  2 ball pythons
  5 bats
  A giant gecko skeleton (D:9)
  6 giant newts
  4 goblins
  7 kobolds
  9 rats
  3 plants
344 creatures vanquished.

Vanquished Creatures (others)
  3 slaves (D:8)
  An orc priest (D:8)
  3 orc wizards
  2 orcs (D:8)
  3 fungi
  13 plants
25 creatures vanquished.

Grand Total: 369 creatures vanquished

Notes
Turn   | Place    | Note
-------+----------+-------------------------------------------
     0 | D:1      | aronpayne the Deep Elf Fire Elementalist began the quest for the Orb.
     0 | D:1      | Reached XP level 1. HP: 10/10 MP: 6/6
   269 | D:1      | Reached XP level 2. HP: 15/15 MP: 1/8
   614 | D:1      | Learned a level 2 spell: Throw Flame
   632 | D:1      | Reached XP level 3. HP: 20/20 MP: 1/9
  1907 | D:2      | Reached skill level 4 in Fire Magic
  1992 | D:2      | Reached XP level 4. HP: 24/24 MP: 8/11
  2956 | D:3      | Reached skill level 1 in Short Blades
  3033 | D:3      | Reached skill level 1 in Fighting
  3063 | D:3      | Reached XP level 5. HP: 29/29 MP: 7/12
  3457 | D:3      | Found a glowing golden altar of the Shining One.
  3549 | D:3      | Noticed Terence
  3564 | D:3      | Killed Terence
  3679 | D:3      | Noticed aronpayne's ghost (amateur DEEE)
  3687 | D:3      | Killed aronpayne's ghost
  3687 | D:3      | Reached XP level 6. HP: 25/34 MP: 2/14
  4010 | D:4      | Noticed Natasha
  4013 | D:4      | Killed Natasha
  4167 | D:4      | Noticed Natasha
  4171 | D:4      | Killed Natasha
  4237 | D:4      | Reached skill level 1 in Throwing
  4622 | D:4      | Noticed Blork the orc
  4628 | D:4      | Killed Blork the orc
  4628 | D:4      | Reached XP level 7. HP: 38/38 MP: 4/16
  4711 | D:4      | Reached skill level 5 in Spellcasting
  4711 | D:4      | Reached skill level 5 in Fire Magic
  4742 | D:4      | Noticed Natasha
  4753 | D:4      | Killed Natasha
  5196 | D:4      | Reached skill level 1 in Shields
  5947 | D:5      | Entered Level 5 of the Dungeon
  6026 | D:5      | Found Qofe's Elemental Accessories.
  6045 | D:5      | Reached XP level 8. HP: 37/44 MP: 1/18
  6198 | D:5      | Gained mutation: You have sharp toenails. [mutagenic meat]
  6201 | D:5      | Gained mutation: You are clumsy. (Dex -2) [mutagenic meat]
  6204 | D:5      | Gained mutation: You are frail. (-10% HP) [mutagenic meat]
  6210 | D:5      | Gained mutation: You are partially covered in thin metallic scales. (AC +2) [mutagenic meat]
  6213 | D:5      | Gained mutation: You are weak. (Str -2) [mutagenic meat]
  6213 | D:5      | Lost mutation: You have sharp toenails. [potion of cure mutation]
  6213 | D:5      | Lost mutation: You are weak. (Str -2) [potion of cure mutation]
  6213 | D:5      | Lost mutation: You are frail. (-10% HP) [potion of cure mutation]
  6213 | D:5      | Lost mutation: You are clumsy. (Dex -2) [potion of cure mutation]
  6214 | D:5      | Gained mutation: You are weak. (Str -2) [potion of mutation]
  6214 | D:5      | Gained mutation: You are clumsy. (Dex -2) [potion of mutation]
  6592 | D:5      | Found Qukk's Gadget Shop.
  7639 | D:6      | Reached skill level 5 in Stealth
  7639 | D:6      | Reached skill level 6 in Fire Magic
  7684 | D:6      | Learned a level 5 spell: Fireball
  7688 | D:6      | Learned a level 3 spell: Conjure Flame
  7692 | D:6      | Learned a level 3 spell: Inner Flame
  7697 | D:6      | Learned a level 4 spell: Sticky Flame
  7829 | D:6      | Identified a scroll of acquirement
  7897 | D:6      | Found a sparkling altar of Nemelex Xobeh.
  8291 | D:6      | Reached skill level 5 in Conjurations
  8766 | D:7      | Reached XP level 9. HP: 49/49 MP: 5/22
  8886 | D:7      | Found an iron altar of Okawaru.
  9166 | D:7      | Noticed Dowan
  9168 | D:7      | Noticed Duvessa
  9178 | D:7      | Killed Duvessa
  9184 | D:7      | Reached skill level 1 in Hexes
  9200 | D:7      | Killed Dowan
  9444 | D:7      | Reached skill level 5 in Dodging
  9470 | D:7      | Reached skill level 1 in Evocations
  9792 | D:7      | Found a staircase to the Ecumenical Temple.
  9799 | Temple   | Entered the Ecumenical Temple
  9802 | Temple   | Became a worshipper of Vehumet
 10371 | D:8      | Reached skill level 7 in Fire Magic
 11086 | D:8      | Noticed Pikel
 11102 | D:8      | Killed Pikel
 11102 | D:8      | Reached XP level 10. HP: 16/56 MP: 12/24
 11194 | D:8      | HP: 2/56 [orc priest/divine providence (16)]
 11636 | D:8      | Reached * piety under Vehumet
 11636 | D:8      | Offered knowledge of Shock by Vehumet.
 11639 | D:8      | Learned a level 1 spell: Shock
 12099 | D:9      | Found Motroug's Food Emporium.
 12283 | D:9      | Reached skill level 8 in Fire Magic
 12475 | D:9      | Learned a level 6 spell: Haste
 12602 | D:9      | Reached skill level 1 in Air Magic
 12793 | D:10     | Entered Level 10 of the Dungeon
 12920 | D:10     | Found Juibaxide's Gadget Shop.
 12936 | D:10     | Lost mutation: You are weak. (Str -2) [potion of cure mutation]
 12936 | D:10     | Lost mutation: You are clumsy. (Dex -2) [potion of cure mutation]
 13405 | D:10     | Noticed a hill giant
 13431 | D:10     | Killed a hill giant
 13434 | D:10     | Reached ** piety under Vehumet
 13651 | D:10     | Found a staircase to the Lair.
 13676 | D:10     | Offered knowledge of Freeze by Vehumet.
 13679 | D:10     | Learned a level 1 spell: Freeze
 14361 | D:10     | Reached skill level 5 in Short Blades
 14423 | Lair:1   | Entered Level 1 of the Lair of Beasts
 14526 | Lair:1   | Noticed a spiny frog
 14538 | Lair:1   | Reached skill level 5 in Hexes
 14540 | Lair:1   | Killed a spiny frog
 14734 | Lair:1   | Noticed a five-headed hydra
 14760 | Lair:1   | Killed a five-headed hydra
 14760 | Lair:1   | Reached XP level 11. HP: 49/61 MP: 18/25
 15098 | Lair:1   | Reached skill level 9 in Fire Magic
 16429 | Lair:2   | Found a staircase to the Shoals.
 16512 | Lair:2   | Offered knowledge of Ignite Poison by Vehumet.
 17113 | Lair:2   | Reached *** piety under Vehumet
 17821 | Lair:3   | Offered knowledge of Iskenderun's Mystic Blast by Vehumet.
 18150 | Lair:3   | Noticed Urug
 18180 | Lair:3   | Reached skill level 1 in Charms
 18197 | Lair:3   | Killed Urug
 18426 | Lair:3   | Found a staircase to the Snake Pit.
 18430 | Lair:3   | Reached skill level 1 in Ice Magic
 18659 | Lair:3   | Reached skill level 5 in Evocations
 18754 | Lair:3   | Noticed a death yak
 18754 | Lair:3   | Noticed a death yak
 18786 | Lair:3   | Killed a death yak
 18786 | Lair:3   | Reached skill level 10 in Fire Magic
 18786 | Lair:3   | Reached XP level 12. HP: 52/67 MP: 19/27
 18891 | Lair:3   | Killed a death yak
 18983 | Lair:3   | Noticed a death yak
 18985 | Lair:3   | Noticed a death yak
 18985 | Lair:3   | Noticed a death yak
 18987 | Lair:3   | Noticed a death yak
 19001 | Lair:3   | Killed a death yak
 19001 | Lair:3   | Reached skill level 1 in Long Blades
 19004 | Lair:3   | Killed a death yak
 19202 | Lair:3   | Killed a death yak
 19230 | Lair:3   | Killed a death yak
 19425 | Lair:3   | Noticed herpmino's ghost (journeyman DsGl)
 19445 | Lair:3   | HP: 2/67 [herpmino's ghost (21)]
 19463 | Lair:3   | Slain by a spiny frog

Vault maps used:
D:1:      sevenhm_arrival_forest_fort_large_3, minmay_hedge_maze
D:2:      first_bread
D:3:      nicolae_tso_carved_into_rock, uniq_terence
D:4:      uniq_blork_the_orc, uniq_natasha
D:5:      serial_shops, shop, nicolae_elemental_shop
D:6:      minmay_cornered_nines, nemelex_xobeh_ov_fountains_minmay
D:7:      okawaru_gym_becter, uniq_duvessa
D:8:      hangedman_pestilent_swarm, uniq_pikel
D:9:      serial_shops, shop
D:10:     david_lair_shrubbed, serial_shops, shop, grunt_tough_drop
Temple:   dpeg_three_leaves_temple
Lair:1:   infiniplex_staircase_pool
Lair:2:   minmay_shoals_entry_centaurs, grunt_megastairs_4, lemuel_fruit_tree
Lair:3:   guppyfry_snake_entry_garden, cheibrodos_lair_caveside_slide,
          tgw_fedhas, uniq_urug

Skill      XL: |  1  2  3  4  5  6  7  8  9 10 11 12 |
---------------+-------------------------------------+-----
Conjurations   | 2 3 4 5 6 7 |  7.5
Fire Magic     | 4 5 6 7 8 10 | 10.3
Stealth        | 3 4 5 6 7 |  7.8
Short Blades   | 1 2 3 4 5 |  5.8
Fighting       | 1 2 3 4 |  4.5
Dodging        | 3 4 5 6 7 8 |  8.1
Spellcasting   | 4 5 7 8 9 |  9.8
Throwing       | 1 |  1.8
Shields        | 1 2 |  2.4
Hexes          | 3 5 6 |  6.1
Evocations     | 2 3 5 |  5.3
Air Magic      | 2 3 4 |  4.2
Charms         | 2 3 |  3.0
Ice Magic      | 1 2 |  2.7
Long Blades    | 1 |  1.5

Action                   |  1- 3 |  4- 6 |  7- 9 | 10-12 || total
-------------------------+-------+-------+-------+-------++-------
Melee: Unarmed           |     2 |       |       |       ||     2
       Dagger            |    22 |    22 |    96 |     1 ||   141
       Double sword      |       |       |       |     6 ||     6
 Fire: Blowgun           |       |     9 |    20 |       ||    29
 Cast: Flame Tongue      |    37 |    28 |   178 |   105 ||   348
       Throw Flame       |    26 |    74 |   146 |   256 ||   502
       Conjure Flame     |       |       |     4 |    19 ||    23
       Sticky Flame      |       |       |     4 |    46 ||    50
       Fireball          |       |       |     4 |    24 ||    28
       Shock             |       |       |       |    10 ||    10
       Freeze            |       |       |       |     1 ||     1
Evoke: Rod               |       |       |     8 |     5 ||    13
  Use: Scroll            |     1 |     1 |    14 |    10 ||    26
       Potion            |       |     1 |    10 |     3 ||    14
  Eat: Chunk             |     1 |     2 |    19 |     5 ||    27
       Meat ration       |     1 |     1 |     2 |     2 ||     6
       Beef jerky        |       |       |     2 |     6 ||     8
       Bread ration      |       |       |       |     3 ||     3
Armor: Robe              |     3 |     6 |    27 |    24 ||    60
Dodge: Dodged            |    26 |    29 |    91 |    92 ||   238
